 Dungeon Crawl Stone Soup version 0.17.1-3-g152610e (webtiles) character file.

1764 Crag the Sneak (level 8, -13/64 HPs)
             Began as a Vampire Assassin on Mar 20, 2016.
             Was an Initiate of Qazlal.
             Mangled by an orc warrior
             ... wielding a +0 short sword
              (22 damage)
             ... on level 7 of the Dungeon.
             The game lasted 00:30:17 (8771 turns).

Crag the Sneak (Vampire Assassin)                   Turns: 8771, Time: 00:30:17

Health: -13/64     AC:  0    Str:  7    XL:     8   Next: 79%
Magic:  6/8        EV: 26    Int: 13    God:    Qazlal [......]
Gold:   340        SH:  0    Dex: 21    Spells: 0 memorised, 7 levels left

rFire  . . .     SeeInvis +     (weapon currently unavailable)
rCold  + . .     Clarity  .     (armour currently unavailable)
rNeg   + + .     SustAt   .     (shield currently unavailable)
rPois  +         Gourm    .     (helmet currently unavailable)
rElec  .         Spirit   .     (cloak currently unavailable)
rCorr  .         Warding  .     (gloves currently unavailable)
rMut   .         Stasis   .     (boots currently unavailable)
MR     .....                    (no amulet)
Stlth  ++++......               (ring currently unavailable)
                                (ring currently unavailable)

@: bat-form, flying, regenerating slowly, very quick, not resistant to hostile
enchantments, stealthy
A: (fangs 0), see invisible, (unbreathing)
a: End Transformation, Renounce Religion


You were on level 7 of the Dungeon.
You worshipped Qazlal.
Qazlal was noncommittal.
You were thirsty.
You were in vampire-bat-form.
You visited 2 branches of the dungeon, and saw 9 of its levels.

You collected 340 gold pieces.

Inventory:

Hand Weapons
 a - a +2 dagger
 b - a +0 blowgun (melded)
 k - a +0 long sword
 m - a +1 dagger of protection
 t - a +1 falchion
 u - a +1 dagger of venom
Missiles
 e - 9 poisoned needles
 f - 2 curare-tipped needles
Armour
 c - a +0 robe
 d - a +0 cloak
 g - a cursed +0 ring mail
 i - a +4 plate armour of cold resistance (melded)
 p - the +3 scale mail of Neiwk {Dex+5}
   (You found it on level 5 of the Dungeon)

   It affects your dexterity (+5).
 z - a +0 cloak (melded)
 F - the cursed +0 hat of Benevolence (melded) {Stlth+}
   (You found it on level 7 of the Dungeon)

   It makes you more stealthy.
   It has a curse placed upon it.
Magical Staves
 D - an uncursed staff of poison
Jewellery
 x - a ring of fire (melded)
Wands
 j - a wand of random effects (16)
 o - a wand of invisibility (7)
Scrolls
 l - 2 scrolls of random uselessness
 q - a scroll of teleportation
 y - 2 scrolls of fog
 A - 2 scrolls of enchant weapon
 B - a scroll of remove curse
 C - a scroll of magic mapping
 E - a scroll of identify
 G - a scroll of enchant armour
Potions
 h - a potion of curing
 n - a potion of invisibility {unknown}
 r - a potion of lignification {unknown}
 s - a potion of heal wounds {unknown}
 v - a potion of brilliance {unknown}
 w - a potion of flight {unknown}


   Skills:
 + Level 5.9 Fighting
 - Level 2.1(4.9) Short Blades
 + Level 6.3(6.5) Long Blades
 - Level 1.5 Throwing
 + Level 2.9 Armour
 + Level 6.0 Dodging
 - Level 6.3 Stealth


You had 7 spell levels left.
You didn't know any spells.

Dungeon Overview and Level Annotations

Branches:
Dungeon (8/15)             Temple (1/1) D:4
   Lair: D:8-11

Altars:
Cheibriados
Elyvilon
Fedhas
Nemelex Xobeh
Okawaru
Qazlal
Ru
Sif Muna
Trog
Vehumet
Xom
Yredelemnul
Zin
The Shining One

Annotations:
D:5 Grinder


Innate Abilities, Weirdness & Mutations

You heal slowly.
((You have razor-sharp teeth.))
You have supernaturally acute eyesight.
((You can survive without breathing.))


Message History

b - a +0 blowgun (weapon)
Firing (i - inventory. (,) - cycle):
e - 11 poisoned needles (quivered)
Press: ? - help, Shift-Dir - straight line, f - orc
Aim: an orc, wielding a dagger You shoot a poisoned needle.
The poisoned needle closely misses the orc.
Firing (i - inventory. (,) - cycle):
e - 10 poisoned needles (quivered)
Press: ? - help, Shift-Dir - straight line, f/p - orc
Aim: an orc, wielding a dagger You shoot a poisoned needle.
The poisoned needle barely misses the orc.
An adder and an orc warrior come into view.
You turn into a vampire bat.
Your +0 blowgun melds into your body.
Your +0 cloak melds into your body.
The cursed +0 hat of Benevolence {Stlth+} melds into your body.
Your +4 plate armour of cold resistance melds into your body.
Your ring of fire melds into your body.
You feel less resistant to cold.
You fly upwards.
The orc completely misses you.
The orc warrior hits you with a short sword!!
You die...

#.......#......
#.......#......
###########..##..#######
#..#.#....#..##).####..#
.........<....#....#....
..............#....#...#
....>....o....#....#...#
.......o......#....#....
.......b......#..).'....
#.###..##..######(.##..#
#.. #..######..##..#
.... ...#...#...#....
..... ...#...#...#....
####.. #..##..'...#...#
#.. ..##..######(.# ##'
##..##..##(.#
#..)?......((


You could see an orc warrior and an orc.

Vanquished Creatures
  A hippogriff (D:7)
  An ice beast (D:5)
  A centaur (D:7)
  A black bear (D:6)
  3 sky beasts
  A wasp (D:4)
  4 giant frogs
  A big kobold (D:7)
  A crimson imp (D:6)
  2 giant frog zombies
  3 hounds
  A centaur skeleton (D:7)
  2 orc priests
  4 worker ants
  3 orc wizards
  A hound skeleton (D:5)
  8 adders
  3 gnolls (D:3)
  2 shadow imps
  An adder zombie (D:6)
  A worm (D:3)
  4 giant geckos
  17 orcs
  A ball python (D:6)
  2 giant cockroaches
  4 hobgoblins
  9 jackals
  13 kobolds
  4 quokkas
  4 bats
  8 giant newts
  5 goblins
  A quokka skeleton (D:5)
  10 rats
127 creatures vanquished.

Notes
Turn   | Place    | Note
--------------------------------------------------------------
     0 | D:1      | Crag the Vampire Assassin began the quest for the Orb.
     0 | D:1      | Reached XP level 1. HP: 16/16 MP: 1/1
    35 | D:1      | Reached skill level 6 in Stealth
   172 | D:1      | Reached XP level 2. HP: 17/22 MP: 2/2
   660 | D:2      | Reached XP level 3. HP: 14/28 MP: 3/3
  1445 | D:2      | Reached XP level 4. HP: 30/35 MP: 4/4
  2463 | D:3      | Reached skill level 1 in Long Blades
  2758 | D:3      | Reached XP level 5. HP: 41/41 MP: 5/5
  3208 | D:4      | Found a white marble altar of Elyvilon.
  3286 | D:4      | Noticed a wasp
  3293 | D:4      | Killed a wasp
  3309 | D:4      | Found a staircase to the Ecumenical Temple.
  3316 | Temple   | Entered the Ecumenical Temple
  3533 | Temple   | Became a worshipper of Qazlal Stormbringer
  3703 | D:4      | Reached XP level 6. HP: 34/48 MP: 6/6
  4180 | D:5      | Entered Level 5 of the Dungeon
  4262 | D:5      | Noticed Grinder
  4286 | D:5      | Got an ichor-stained scale mail
  4303 | D:5      | Identified the +3 scale mail of Neiwk {Dex+5} (You found it on level 5 of the Dungeon)
  4729 | D:5      | Reached XP level 7. HP: 29/55 MP: 7/7
  5765 | D:6      | Reached skill level 5 in Long Blades
  5783 | D:6      | Found a snail-covered altar of Cheibriados.
  6456 | D:6      | Reached skill level 5 in Fighting
  6703 | D:6      | Reached skill level 1 in Armour
  6703 | D:6      | Reached XP level 8. HP: 46/62 MP: 8/8
  7176 | D:5      | Reached skill level 5 in Dodging
  7903 | D:7      | Got a faintly humming hat
  7909 | D:7      | Identified the cursed +0 hat of Benevolence {Stlth+} (You found it on level 7 of the Dungeon)
  8771 | D:7      | Mangled by an orc warrior

Action                   |  1- 3 |  4- 6 |  7- 9 || total
-------------------------+-------+-------+-------++-------
Melee: Dagger            |   172 |    56 |       ||   228
       Falchion          |       |   143 |   146 ||   289
       Long sword        |       |       |   161 ||   161
 Fire: Blowgun           |       |     5 |     3 ||     8
 Abil: Bat Form          |     1 |       |     5 ||     6
       End Transformatio |     1 |       |     4 ||     5
  Use: Scroll            |       |     6 |     6 ||    12
       Potion            |       |       |     3 ||     3
 Stab: Sleeping          |    11 |     5 |     1 ||    17
       Distracted        |     1 |       |       ||     1
  Eat: Corpse            |     6 |     6 |    10 ||    22
